 Dungeon Crawl Stone Soup version 0.28-a0-422-gd71735cc25 (webtiles) character file.

Game seed: 6748884986623861786

63 siradein the Digger (level 3, 0/19 HPs)
             Began as a Deep Elf Earth Elementalist on Sept 8, 2021.
             Succumbed to an adder's poison
             ... on level 2 of the Dungeon.
             The game lasted 00:05:54 (1123 turns).

siradein the Digger (Deep Elf Earth Elementalist)   Turns: 1123, Time: 00:05:55

Health: 0/19       AC:  2    Str:  5    XL:     3   Next: 87%
Magic:  5/10       EV: 13    Int: 20    God:
Gold:   55         SH:  0    Dex: 15    Spells: 6/9 levels left

rFire   . . .      SeeInvis .   e - +1 short sword (venom)
rCold   . . .      Faith    .   (no shield)
rNeg    . . .      Spirit   .   b - +0 robe
rPois   .          Reflect  .   (no helmet)
rElec   .          Harm     .   (no cloak)
rCorr   .          Rampage  .   (no gloves)
Will    .....                   (no boots)
Stlth   ++........              (no amulet)
HPRegen 0.06/turn               (no ring)
MPRegen 0.12/turn               (no ring)

@: lethally poisoned (0 -> -2), attractive, flying
A: no striking features
a: no special abilities


You were on level 2 of the Dungeon.
You visited 1 branch of the dungeon, and saw 2 of its levels.

You collected 55 gold pieces.

Inventory:

Hand Weapons
 e - a +1 short sword of venom (weapon)
Missiles
 c - 50 stones
Armour
 b - a +0 robe (worn)
Wands
 l - a wand of paralysis (7)
Scrolls
 a - a scroll of enchant weapon {unknown}
 g - a scroll of noise {unknown}
 h - a scroll of teleportation {unknown}
 k - a scroll of identify {unknown}
Potions
 i - 2 potions of curing {unknown}
 j - a potion of heal wounds {unknown}


   Skills:
 * Level 1.4 Armour
 + Level 3.0 Dodging
 - Level 2.4 Stealth
 + Level 3.6 Spellcasting
 + Level 1.9 Transmutations
 + Level 3.6 Earth Magic


You had 6 spell levels left.
You knew the following spells:

 Your Spells              Type           Power      Damage    Failure   Level
a - Sandblast             Erth           36%        2d10      3%          1
b - Passwall              Tmut/Erth      11%        N/A       6%          2

Your spell library contained the following spells:

 Spells                   Type           Power      Damage    Failure   Level
 Stone Arrow              Conj/Erth      20%        3d8       19%         3
 Petrify                  Tmut/Erth      14%        N/A       38%         4


Dungeon Overview and Level Annotations

Branches:
Dungeon (2/15)

Altars:


Message History

You feel sick. The bat completely misses you. The bat misses you.
The adder bites you.
Aiming: Sandblast (safe; 3% risk of failure)
Press: ? - help, Q - select action, (/) - cycle Shift-Dir - straight line, f/p - adder
Aim: an adder (severely wounded, 66% to hit)
The blast of sand misses the adder.
You feel sick.
You are no longer poisoned.
The bat closely misses you.
The adder bites you but does no damage. x2
Aiming: Sandblast (safe; 3% risk of failure)
Press: ? - help, Q - select action, (/) - cycle Shift-Dir - straight line, f/p - adder
Aim: an adder (severely wounded, 66% to hit)
The blast of sand hits the adder.
The adder is almost dead.
The bat barely misses you. The adder bites you.
* * * LOW HITPOINT WARNING * * *
You are lethally poisoned!
The adder poisons you!
Aiming: Sandblast (safe; 3% risk of failure)
Press: ? - help, Q - select action, (/) - cycle Shift-Dir - straight line, f - bat, p - adder
Aim: a bat (69% to hit)
The blast of sand hits the adder.
You kill the adder!
* * * LOW HITPOINT WARNING * * *
You feel sick. The bat hits you but does no damage.
Aiming: Sandblast (safe; 3% risk of failure)
Press: ? - help, Q - select action, (/) - cycle Shift-Dir - straight line, f/p - bat
Aim: a bat (69% to hit)
The blast of sand hits the bat.
You kill the bat!
* * * LOW HITPOINT WARNING * * *
You feel sick.
It was a potion of attraction.
You feel attractive to monsters.
* * * LOW HITPOINT WARNING * * *
You feel sick.
It was a potion of flight.
You feel very buoyant.
You fly up into the air.
You die...

#.#.#######..........#
#.#.......#..........#
#.#.....#.#..........#
#.#.###.# #..........#
#.#.# #.# #..........#
#.#.# #.# #..........#
#.# #.# #..........#
#.# #.# #.....†....#
#.# #.# #....@..<..#
#. #.# #.#.#.####.#
#.# #.#.# #.# #.#.#
#.#####.#.#
#.......#.#
###########


There were no monsters in sight!

Vanquished Creatures
  An orc wizard (D:2)
  An adder (D:2)
  A dart slug (D:1)
  2 orcs (D:2)
  A ball python (D:1)
  2 endoplasms (D:1)
  2 giant cockroaches (D:1)
  A goblin (D:1)
  2 hobgoblins (D:1)
  2 quokkas (D:1)
  3 bats
  3 frilled lizards
  2 kobolds
  3 rats
26 creatures vanquished.

Notes
Turn   | Place    | Note
-------+----------+-------------------------------------------
     0 | D:1      | siradein the Deep Elf Earth Elementalist began the quest
                  | for the Orb.
     0 | D:1      | Reached XP level 1. HP: 10/10 MP: 6/6
   181 | D:1      | Reached XP level 2. HP: 15/15 MP: 8/8
   216 | D:1      | Learned a level 2 spell: Passwall
   683 | D:1      | Reached skill level 1 in Armour
   918 | D:2      | Reached XP level 3. HP: 14/19 MP: 9/9
  1123 | D:2      | Succumbed to an adder's poison

Illustrated notes

Levels and vault maps discovered:
D:1:      minmay_arrival_arboretum_large, layout_loops_ring
D:2:      layout_basic, uniq_crazy_yiuf_cottage

Skill      XL: |  1  2  3 |
---------------+----------+-----
Armour         | 1 |  1.4
Dodging        | 3 |  3.0
Stealth        | |  2.4
Spellcasting   | |  3.6
Transmutations | |  1.9
Earth Magic    | |  3.6

Action                   || total
-------------------------++-------
Melee: Short sword       ||    38
 Cast: Sandblast         ||    14
  Use: Potion            ||     2
 Stab: Sleeping          ||     7
Armor: Robe              ||     5
Dodge: Dodged            ||    24

Table legend: (Time is in decaauts)
 A = Elapsed time spent in this place.
 B = Non-inter-level travel time spent in this place.
 C = Inter-level travel time spent in this place.
 D = Time resting spent in this place.
 E = Time spent auto-exploring this place.
 F = Levels seen in this place.
 G = Mean time per level.
                   A        B        C        D        E       F      G
               +--------+--------+--------+--------+--------+-----+--------+
         Total |   1126 |   1113 |     13 |      6 |    944 |   2 |  563.0 |
       Dungeon |   1126 |   1113 |     13 |      6 |    944 |   2 |  563.0 |
               +--------+--------+--------+--------+--------+-----+--------+

Top non-repeatable levels by time:
     D:1: 830 daAuts
     D:2: 295 daAuts
